 Dungeon Crawl Stone Soup version 0.30.1-4-g462c640d31 (webtiles) character file.

Game seed: 4299051823241698593

19 safid the Chiller (level 2, -12/21 HPs)
             Began as a Merfolk Ice Elementalist on Sept 5, 2023.
             Mangled by a gnoll
             ... wielding a +0 halberd
              (13 damage)
             ... on level 2 of the Dungeon.
             The game lasted 00:00:47 (705 turns).

safid the Chiller (Merfolk Ice Elementalist)         Turns: 705, Time: 00:00:47

Health: -12/21     AC:  2    Str:  8    XL:     2   Next: 75%
Magic:  5/5        EV: 12    Int: 14    God:
Gold:   70         SH:  0    Dex: 14    Spells: 4/5 levels left

rFire   . . .        f - +1 dagger (flame)
rCold   . . .        (no shield)
rNeg    . . .        a - +0 robe
rPois   .            (no helmet)
rElec   .            (no cloak)
rCorr   +            (no gloves)
SInv    .            (no boots)
Will    .....        (no amulet)
Stlth   ++           g - ring of resist corrosion
HPRegen 0.23/turn    (no ring)
MPRegen 0.09/turn

%: no passive effects
@: no status effects
A: (nimble swimmer 2), mertail
a: no special abilities


You were on level 2 of the Dungeon.
You visited 1 branch of the dungeon, and saw 2 of its levels.

You collected 70 gold pieces.

Inventory:

Hand Weapons
 f - a +1 dagger of flaming (weapon)
Armour
 a - a +0 robe (worn)
Jewellery
 g - a ring of resist corrosion (left hand)
Scrolls
 c - a scroll of immolation {unknown}
Potions
 b - a potion of magic
 d - a potion of flight {unknown}
 e - a potion of haste {unknown}
 h - a potion of degeneration {unknown}


   Skills:
 + Level 1.2 Fighting
 - Level 2.6 Dodging
 - Level 2.1 Stealth
 + Level 2.3 Spellcasting
 + Level 4.7 Ice Magic


You had 4 spell levels left.
You knew the following spells:

 Your Spells              Type           Power      Damage    Failure   Level
a - Freeze                Ice            56%        1d7       3%          1

Your spell library contained the following spells:

 Spells                   Type           Power      Damage    Failure   Level
 Frozen Ramparts          Ice            28%        1d5       10%         3
 Ozocubu's Armour         Ice            14%        N/A       10%         3
 Summon Ice Beast         Ice/Summ       8%         N/A       65%         4


Dungeon Overview and Level Annotations

Branches:
Dungeon (2/15)

Altars:


Innate Abilities, Weirdness & Mutations

((You are very nimble when in or above water. (Stealth+, EV+, Speed+++)))
Your lower body shifts to a powerful aquatic tail in water.


Message History

The goblin hits you with a +0 dagger.
Unknown command.
Casting: Freeze (safe; 3% risk of failure)
Confirm with . or Enter, or press ? or * to list all spells.
Aiming: Freeze (safe; 3% risk of failure)
Press: ? - help, Shift-Dir - straight line, f/p - goblin
Aim: a goblin, wielding a +0 dagger (heavily wounded)
You freeze the goblin.
You kill the goblin!
Unknown command.
You now have 59 gold pieces (gained 2).
You now have 70 gold pieces (gained 11).
Your legs become a tail as you enter the water.
Done exploring.
Done exploring.
Done exploring.
No target in view!
Done exploring.
Done exploring.
Done exploring.
(D) Dungeon
Where to? (? - help)
There is a stone staircase leading down here.
You climb downwards.
There is a stone staircase leading up here.
There are monsters nearby!
A gnoll comes into view.
It is wielding a +0 flail of protection.
The gnoll shouts!
Found a scroll labelled YKOHONK IKEYCS.
The gnoll shouts!
The endoplasm barely misses you.
The gnoll hits you from afar with a +0 halberd!
Ouch! That really hurt!
* * * LOW HITPOINT WARNING * * *
The endoplasm freezes you.
You are frozen.
* * * LOW HITPOINT WARNING * * *
The gnoll hits you from afar with a +0 halberd!
Ouch! That really hurt!
You die...

. ########.
...?......
.........# #
.........#.#
.........#.#
.......g...#
......g.@#
......rJ.#
......g..#
.........##
.........<#
.........##
##########


You could see 3 gnolls, an endoplasm and a rat.

Vanquished Creatures
  2 goblins (D:1)
  4 kobolds (D:1)
  A quokka (D:1)
  7 ball pythons (D:1)
  2 bats (D:1)
  A frilled lizard (D:1)
  A rat (D:1)
18 creatures vanquished.

Notes
Turn   | Place    | Note
-------+----------+-------------------------------------------
     0 | D:1      | safid the Merfolk Ice Elementalist began the quest for the
                  | Orb.
     0 | D:1      | Reached XP level 1. HP: 13/13 MP: 3/3
   229 | D:1      | Reached XP level 2. HP: 18/20 MP: 3/5
   323 | D:1      | Reached skill level 1 in Fighting
   705 | D:2      | HP: 1/21 [frozen (5)]
   705 | D:2      | Mangled by a gnoll

Illustrated notes

Levels and vault maps discovered:
D:1:      psy_arrival_radial01, layout_rooms, chequers_serial_rivers_small_a
D:2:      layout_basic, guppyfry_early_orc_mine

Skill      XL: |  1  2 |
---------------+-------+-----
Fighting       | 1 |  1.2
Dodging        | |  2.6
Stealth        | |  2.1
Spellcasting   | |  2.3
Ice Magic      | |  4.7

Action                     || total
---------------------------++-------
  Melee: Unarmed           ||    15
         Dagger            ||    23
         Punch             ||     1
   Cast: Freeze            ||     9
   Stab: Sleeping          ||     3
 Armour: Robe              ||    15
  Dodge: Dodged            ||    34
